[Event "WA Fall Mini-Teams Championship"]
[Site "Chess.com"]
[Date "2021.11.13"]
[Round "3"]
[White "May, Andy"]
[Black "Malugu, Satyajit"]
[Result "1-0"]
[ECO "B23"]
[WhiteElo "1816"]
[BlackElo "2042"]
[Annotator "Ralph Dubisch"]
[PlyCount "55"]
[EventDate "2021.??.??"]
[TimeControl "1500+5"]

1. e4 c5 2. Nc3 e6
3. f4 Nc6 4. Nf3 d5 5. Bb5 Nf6 6. Qe2 Be7 7. O-O O-O 8. d3 $2 ({Could lead to
trouble.} 8. e5 Nd7 9. Bxc6 bxc6 10. Kh1 $15) 8... Nd4 9. Nxd4 cxd4 10. Nd1 Bd7
$6 (10... Qb6 $1 11. e5 (11. Ba4 $4 dxe4 12. dxe4 $2 d3+ 13. Qf2 d2 $3 14. Bxd2
Nxe4 15. Qxb6 axb6 {and too many white pieces are hanging.}) 11... Qxb5 12.
exf6 Bxf6 $17 {White is down material and virtually unable to activate any
pieces.}) 11. Bxd7 Nxd7 12. e5 Rc8 13. c3 Bc5 14. Kh1 f5 15. exf6 $6 (15. b4 {
gives rise to some interesting speculation:} dxc3 $5 (15... Be7 16. cxd4 Bxb4
17. Rb1 $13) 16. bxc5 d4 {with very distinct positional compensation for the
piece. In fact, Stockfish here gives} 17. Nxc3 dxc3 18. d4 {as one of the top
choices, with} b6 19. Qc4 {reaching a very murky sort of equality.}) 15... Rxf6
(15... Qxf6 {may even be slightly in Black's favor.}) 16. Nf2 dxc3 17. Ng4 Rg6
18. bxc3 Qh4 $6 ({Black commits to a kingside attack, but things start to go
slightly wrong here. Safer and roughly level is} 18... Qc7 19. Bd2 Rf8 {.}) 19.
h3 h5 20. Ne5 Nxe5 21. fxe5 Bb6 22. Bd2 Rg3 $6 (22... Ba5 $5) 23. Kh2 Rg6 24.
Qf3 Qa4 $2 (24... Bc7 {looks like a better try. To gain a real advantage,
White likely needs to find} 25. Bf4 $1 ({, since} 25. d4 Rf6 26. Qe2 Rcf8 {
looks about equal, and}) (25. Qe3 Rd8 {is at best a small edge for White in a
still complex situation.})) 25. Qxh5 Qe8 {Aiming for the cheapo ...Rxg2+.} 26.
Qf3 ({White could try the faster} 26. g3 {, intending Rf4 and Raf1,
threatening Rf8+ or Rh4. That g6-rook is a major problem for Black.} Ba5 27.
Rf4 Bxc3 28. Bxc3 Rxc3 29. Raf1) 26... Qa4 $2 ({Apparently hoping for a
repetition, but of course White now has much better.} 26... Bc7 {intending} 27.
d4 Rf6 $5 {still leaves White on the verge of winning, but at least it solves
one problem.}) 27. Qf7+ Kh7 28. Rf4 1-0

[Event "Northwest Chess Winter Open"]
[Site "Chess.com"]
[Date "2021.12.11"]
[Round "4"]
[White "Willy, Stephen"]
[Black "Ackerman, Ryan"]
[Result "1-0"]
[ECO "C01"]
[WhiteElo "1802"]
[BlackElo "1888"]
[Annotator "Stephen Willy and Ralph Dubisch"]
[PlyCount "107"]
[EventDate "2021.??.??"]
[TimeControl "1800+5"]

1. e4 e6 2. d4 d5 3. exd5 exd5 4. Nf3 Bd6 5. Bd3 Ne7 6. O-O Nbc6 7. h3 O-O 8.
c3 Bf5 9. Bg5 Qd7 10. Re1 Bxd3 11. Qxd3 f6 12. Be3 Qf5 13. Qxf5 Nxf5 14. Nbd2
Rfe8 15. Nf1 Kf7 16. Bd2 h5 17. Rxe8 Rxe8 18. Re1 Rxe1 19. Nxe1 b6 20. g3 Na5
21. Ng2 c5 22. Nfe3 Ke6 23. dxc5 bxc5 24. b3 Nc6 25. c4 Nxe3 26. Nxe3 d4 27.
Nd5 Ne7 $2 (27... Kf5 $1 28. Kf1 Ke4 29. Ke2 d3+ 30. Kd1 Nd4 $15) 28. Nxe7 Bxe7
29. Kf1 Kf5 30. Ke2 Ke4 31. f3+ Kf5 32. g4+ hxg4 33. hxg4+ Ke5 34. Kd3 g6 35.
f4+ Ke6 36. Ke4 f5+ 37. gxf5+ gxf5+ 38. Kd3 Bh4 39. Ke2 Kf6 40. Ba5 Kg6 41. Kf3
Kh5 42. Bd2 Bf6 43. a3 Kh4 $2 $16 (43... Kg6 44. b4 Kf7 45. Ke2 Ke6 46. Kd3 Kd6
{repositions the black king to aid in defense.}) 44. b4 $1 Be7 (44... cxb4 45.
axb4 a6 46. Bc1 $1 {Planning Bb2 and a c-pawn advance.} d3 (46... Be7 47. c5)
47. Ke3 $18) 45. b5 Kh5 46. a4 Bd8 47. a5 $2 (47. Bc1 $1 Bb6 (47... Ba5 48. Ba3
Bb4 49. a5 $3 Bxa3 (49... Bxa5 50. Bxc5 $18) 50. b6 $18) 48. Ba3 a5 $1 (48...
Kg6 49. a5 Bxa5 50. Bxc5 $18) 49. bxa6 Ba7 $16 {requires White to work out a
win, likely involving zugzwang, bringing the bishop to b6 with pawn on a5, and/
or king pentration.}) 47... Kg6 $2 (47... Bc7 48. a6 (48. b6 axb6 49. a6 Bb8)
48... Bb6) 48. b6 $1 a6 (48... Bxb6 49. axb6 axb6 50. Be1 Kf7 51. Bh4 Ke8 $16 {
again leaves White working to discover a winning plan.}) 49. Bc1 Kf7 (49... Be7
50. b7 Bd6 51. Ba3 d3 52. Bxc5 (52. Ke3 Kf7 53. Kxd3 Bxf4 54. Bxc5 Bb8 $13)
52... d2 53. Ke2 Bxf4 54. Ba7 $18) 50. Ba3 Be7 (50... Ke6 51. b7 Bc7 52. Bxc5
d3 53. Ke3 $18) 51. b7 Bd6 52. Bxc5 Bb8 53. Bxd4 Ke6 54. Be5 (54. Be5 Ba7 55.
b8=Q Bxb8 56. Bxb8 $18) 1-0

[Event "Northwest Chess Winter Open"]
[Site "Chess.com"]
[Date "2021.12.11"]
[Round "3"]
[White "Willy, Stephen"]
[Black "Kahnamouei, Ali Shakeri"]
[Result "1-0"]
[ECO "C00"]
[WhiteElo "1802"]
[BlackElo "2056"]
[Annotator "Stephen Willy and Ralph Dubisch"]
[PlyCount "81"]
[EventDate "2021.??.??"]
[TimeControl "1800+5"]

1. e4 e6 2. c4 Nc6 3. d4 Bb4+ 4. Bd2 Qh4 $5 5. Bd3 $6 (5. Nf3 Qxe4+ 6. Be2
Bxd2+ 7. Qxd2 $13 {, and White develops compensation for the pawn playing Nc3
with tempo on the queen.}) 5... Bxd2+ 6. Qxd2 Nxd4 7. Nc3 Nf6 $6 (7... d6 $15)
8. g3 $2 (8. e5 Ng4 9. g3 Qh6 10. f4 d6 $13) 8... Qh5 9. Qe3 e5 (9... Qc5 $5
10. Nge2 e5 11. O-O d6 $17) 10. f3 d6 11. h4 O-O $6 (11... Nd7 {gives the
queen some paths back home.} 12. Nd5 Kd8 13. O-O-O (13. g4 Qh6 14. g5 Qh5 15.
O-O-O $15) 13... f6 14. g4 Qf7 (14... Qh6 15. f4) 15. Ne2 Ne6 $15 {is quite
unclear, but Black does have an extra pawn.}) 12. g4 Nxg4 13. fxg4 Qxg4 14. Qg5
Qf3 $2 (14... f5 $1 {with good compensation, for example} 15. Qxg4 fxg4 16.
O-O-O Bd7 17. Nge2 Ne6 18. Rhf1 g6 $13 {.}) 15. Nxf3 Nxf3+ 16. Ke2 Nxg5 17.
hxg5 f6 18. gxf6 ({Or} 18. Rag1 $16) 18... Rxf6 19. Nd5 Bg4+ 20. Kd2 Rf2+ 21.
Kc3 Rf7 22. Rag1 Bf3 23. Rh3 c6 (23... Raf8 24. c5 $16) 24. Ne3 b5 $2 (24...
Rf4 25. Nf5 g6 26. Nxd6 $16 {White is very close to winning in all these lines.
}) 25. Nf5 $18 Rxf5 26. exf5 e4 27. cxb5 cxb5 28. Bxb5 Rc8+ 29. Kd4 Kh8 30. Bc4
Rf8 31. Be6 a6 32. Rc1 a5 33. Rg1 a4 34. Rhg3 h6 35. Rxg7 h5 36. Ra7 (36. R1g6
{intending Re7 and Rh6# seems the quickest win.}) 36... Bg4 37. Kxe4 Rb8 38.
Kf4 Rb4+ 39. Kg5 Rb7 40. Rxb7 Be2 41. Kh6 1-0